 Dungeon Crawl Stone Soup version 0.21-a0-110-g8e1637b (webtiles) character file.

42 sscrono2 the Chopper (level 3, 0/23 HPs)
             Began as an Octopode Wanderer on July 8, 2017.
             Succumbed to an adder's poison
             ... on level 2 of the Dungeon.
             The game lasted 00:01:23 (1245 turns).

sscrono2 the Chopper (Octopode Wanderer)            Turns: 1245, Time: 00:01:24

Health: 0/23       AC:  1    Str: 18    XL:     3   Next: 56%
Magic:  4/4        EV: 13    Int: 16    God:
Gold:   86         SH:  0    Dex:  8    Spells: 4/4 levels left

rFire    . . .     SeeInvis .   a - +2 hand axe
rCold    . . .     Gourm    .   (no shield)
rNeg     . . .     Faith    .   (helmet restricted)
rPois    .         Spirit   .   (no amulet)
rElec    .         Reflect  .   (no ring)
rCorr    .         Harm     .   (no ring)
MR       .....                  (no ring)
Stlth    +++.......             (no ring)
HPRegen  0.07/turn              (no ring)
MPRegen  0.09/turn              (no ring)
                                (no ring)
                                (no ring)

@: mighty, lethally poisoned (0 -> -6)
A: almost no armour, stealthy swim, amphibious, 8 rings, constrict 8, camouflage
1, gelatinous body 1
a: no special abilities


You were on level 2 of the Dungeon.
You were not hungry.

You visited 1 branch of the dungeon, and saw 2 of its levels.

You collected 86 gold pieces.

Inventory:

Hand Weapons
 a - a +2 hand axe (weapon)
 c - a +0 dagger
Scrolls
 b - 6 scrolls of teleportation
 e - a scroll of recharging {unknown}
 i - a scroll of amnesia {unknown}
 k - 2 scrolls of remove curse {unknown}
 l - 3 scrolls of blinking {unknown}
 m - 2 scrolls of identify {unknown}
Comestibles
 d - 2 bread rations
 f - 9 chunks of flesh
 g - 3 royal jellies


   Skills:
 + Level 1.1 Fighting
 * Level 4.6 Axes
 * Level 1.6 Dodging
 + Level 3.0 Stealth
 - Level 1.0 Spellcasting
   Level 1.0 Summonings
   Level 1.0 Earth Magic


You had 4 spell levels left.
You didn't know any spells.

Dungeon Overview and Level Annotations

Branches:
Dungeon (2/15)

Altars:
The Shining One


Innate Abilities, Weirdness & Mutations

You cannot wear most types of armour.
You are very stealthy in the water. (Stealth+)
You are amphibious.
You can wear up to eight rings at the same time.
You can use your tentacles to constrict eight enemies at once.
Your skin changes colour to match your surroundings (Stealth+).
Your rubbery body absorbs attacks. (AC +1, EV +1)


Message History

You are lethally poisoned!
The adder poisons you!
It was a potion of might.
You feel very mighty all of a sudden.
* * * LOW HITPOINT WARNING * * *
You feel sick. The adder bites you.
* * * LOW HITPOINT WARNING * * *
It was a potion of magic.
Magic courses through your body.
* * * LOW HITPOINT WARNING * * *
You feel sick. The adder bites you but does no damage.
You slash the adder!
You kill the adder!
Your Stealth skill increases to level 3!
* * * LOW HITPOINT WARNING * * *
You feel sick.
You see here an adder corpse.
You butcher the adder corpse.
Things that are here:
a chunk of flesh; an adder skeleton You die...

#.........#
#.......#
.....##.#####
#####.#.#### ##..
#.####### #.#.....
#. #.......#
#.###### #..
#######.# #.#
#...###### #.# #.#
#........###.#####.#
.......%............
#.#.####@###.#####..
#.# #.# #.# #.. #.#
#.## #$# #.# #.. ..#
... .# ###


There were no monsters in sight!

Vanquished Creatures
  An adder (D:2)
  2 dart slugs (D:1)
  A giant cockroach (D:1)
  2 goblins
  6 hobgoblins
  A jackal (D:1)
  6 bats
  A frilled lizard (D:1)
  6 kobolds
  2 rats (D:1)
28 creatures vanquished.

Notes
Turn   | Place    | Note
-------+----------+-------------------------------------------
     0 | D:1      | sscrono2 the Octopode Wanderer began the quest for the Orb.
     0 | D:1      | sscrono2 set off with: a +2 hand axe, 2 scrolls of teleportation, a +0 dagger, a bread ration
     0 | D:1      | Reached XP level 1. HP: 13/13 MP: 2/2
   265 | D:1      | Reached XP level 2. HP: 16/18 MP: 3/3
   710 | D:1      | Found a glowing golden altar of the Shining One.
   896 | D:1      | Reached skill level 1 in Dodging
  1021 | D:2      | Reached XP level 3. HP: 23/23 MP: 4/4
  1243 | D:2      | HP: 1/23 [poisoned by an adder]
  1245 | D:2      | Succumbed to an adder's poison

Vault maps used:
D:1:      dpeg_arrival_brainrot, tso_metal_star
D:2:      first_bread, minmay_tromino_v2

Skill      XL: |  1  2  3 |
---------------+----------+-----
Dodging        | 1 |  1.6
Stealth        | 3 |  3.0
Fighting       | |  1.1
Axes           | |  4.6
Spellcasting   | |  1.0
Summonings     | |  1.0
Earth Magic    | |  1.0

Action                   || total
-------------------------++-------
Melee: Hand axe          ||    62
       Constrict         ||    15
       Tentacles         ||     4
  Use: Potion            ||     2
 Stab: Sleeping          ||     5
       Distracted        ||     1
  Eat: Chunk             ||     1
Armor: Skin              ||    10
Dodge: Dodged            ||    34
